 Dungeon Crawl Stone Soup version 0.31.0-11-ge490571c62 (webtiles) character file.

Game seed: 9947310161920151036

291 Armakuni the Charlatan (level 6, 0/36 HPs)
             Began as a Deep Elf Monk on Feb 1, 2024.
             Succumbed to an orc wizard's poison
             ... on level 3 of the Dungeon.
             The game lasted 00:07:24 (2610 turns).

Armakuni the Charlatan (Deep Elf Monk)              Turns: 2610, Time: 00:07:25

Health: 0/36       AC:  2    Str:  8    XL:     6   Next: 10%
Magic:  4/9        EV: 14    Int: 15    God:
Gold:   138        SH:  0    Dex: 19    Spells: 7/7 levels left

rFire   . . .        b - +0 short sword (drain)
rCold   . . .        d - orb {light}
rNeg    . . .        e - +0 robe
rPois   .            (no helmet)
rElec   .            (no cloak)
rCorr   +            (no gloves)
SInv    .            (no boots)
Will    .....        G - amulet of guardian spirit
Stlth   +            K - ring of resist corrosion
HPRegen 0.26/turn    (no ring)
MPRegen 0.11/turn

%: guardian spirit
@: confused, lethally poisoned (0 -> -2), glowing
A: no striking features
a: no special abilities


You were on level 3 of the Dungeon.
You visited 1 branch of the dungeon, and saw 3 of its levels.

You collected 138 gold pieces.

Inventory:

Hand Weapons
 b - a +0 short sword of draining (weapon)
Armour
 d - an orb of light (worn)
 e - a +0 robe (worn)
 f - a +0 pair of gloves
Magical Staves
 a - a staff of alchemy
Jewellery
 p - a ring of protection from cold
 G - an amulet of guardian spirit (around neck)
 K - a ring of resist corrosion (left hand)
Scrolls
 h - a scroll of torment
 j - a scroll of amnesia
 l - a scroll of silence
 n - a scroll of fog
 X - a scroll of brand weapon
Potions
 c - a potion of ambrosia
 g - a potion of brilliance
 i - a potion of might
 k - a potion of haste
 o - a potion of degeneration {unknown}
 q - a potion of enlightenment
 x - a potion of mutation


   Skills:
 - Level 2.4 Fighting
 - Level 3.0 Short Blades
 - Level 3.0 Staves
 - Level 3.6 Dodging
 - Level 1.0 Spellcasting
 + Level 1.9 Alchemy
 - Level 5.0 Evocations


You had 7 spell levels left.
You didn't know any spells.
Your spell library contained the following spells:

 Spells                   Type           Power      Damage    Failure   Level
 Freeze                   Ice            0%         1d3       24%         1
 Frozen Ramparts          Ice            0%         1d1       58%         3
 Hailstorm                Conj/Ice       0%         3d5       58%         3


Dungeon Overview and Level Annotations

Branches:
Dungeon (3/15)

Altars:


Message History

You bump into the rock wall.
You feel very sick.
The orc wizard looks more healthy.
The orc wizard casts a spell at you.
You are more confused.
You bump into the rock wall.
You feel very sick.
The orc wizard hits you with a +1 dagger of venom.
You feel sick.
You're too confused to move!
You feel sick.
The orc wizard hits you with a +1 dagger of venom.
You are more poisoned.
You bump into the rock wall.
You feel very sick. The orc wizard misses you.
You feel less invigorated.
You feel very sick.
The orc wizard points at you and mumbles some strange words.
The puff of flame hits you!
You bump into the rock wall.
You feel very sick.
You feel sick.
You feel sick.
The orc wizard attacks as it pursues you!
The orc wizard hits you with a +1 dagger of venom.
* * * LOW HITPOINT WARNING * * *
You bump into the rock wall.
You feel sick. The orc wizard closely misses you.
You hit the orc wizard.
The orc wizard is almost dead.
You feel sick. The orc wizard closely misses you.
You're too confused to move!
You feel sick. The scorpion barely misses you.
The orc wizard barely misses you. The scorpion closely misses you.
You bump into the rock wall.
You feel sick. The scorpion stings you.
* * * LOW HITPOINT WARNING * * *
The orc wizard gestures at you while chanting.
The magic dart hits you.
* * * LOW HITPOINT WARNING * * *
You hit the scorpion but do no damage. You drain the scorpion.
The scorpion is lightly wounded.
You die...

..>...#........# .
......#.##.)...##
##.
......#.##...8..#
#..
##......##..P...#
#.# ###.######...88#
#o# #.# ##....# #)#
#.# #..#######.#
#.#######.####so...#
#............@o#####
################ ##
.# .### ...# .#.#
.#.##


You could see a scorpion (drained), an orc wizard (invisible) and an orc.

Vanquished Creatures
  Sigmund (D:2)
  A bombardier beetle (D:3)
  A howler monkey skeleton (D:3)
  2 adders (D:2)
  An adder zombie (D:3)
  A ribbon worm (D:2)
  2 dart slugs
  An orc (D:3)
  3 endoplasms
  4 giant cockroaches
  8 goblins
  6 hobgoblins
  2 kobolds (D:1)
  2 quokkas
  2 ball pythons
  A ball python zombie (D:3)
  5 bats
  2 frilled lizards (D:1)
  A quokka zombie (D:3)
  6 rats
52 creatures vanquished.

Notes
Turn   | Place    | Note
-------+----------+-------------------------------------------
     0 | D:1      | Armakuni the Deep Elf Monk began the quest for the Orb.
     0 | D:1      | Reached XP level 1. HP: 13/13 MP: 3/3
   297 | D:1      | Reached skill level 1 in Staves
   399 | D:1      | Reached XP level 2. HP: 18/18 MP: 4/4
   591 | D:1      | Reached skill level 1 in Spellcasting
   914 | D:2      | Reached XP level 3. HP: 22/22 MP: 6/6
   920 | D:2      | Noticed Sigmund
   932 | D:2      | Killed Sigmund
   933 | D:2      | Reached skill level 4 in Evocations
   933 | D:2      | Reached XP level 4. HP: 15/27 MP: 3/7
   933 | D:2      | Reached XP level 5. HP: 17/31 MP: 3/8
  1678 | D:2      | Found a faded altar of an unknown god.
  2116 | D:3      | Reached skill level 5 in Evocations
  2179 | D:3      | Reached skill level 1 in Alchemy
  2179 | D:3      | Reached XP level 6. HP: 33/36 MP: 7/9
  2609 | D:3      | HP: 1/36 [orc wizard/magic dart (3)]
  2610 | D:3      | Succumbed to an orc wizard's poison

Illustrated notes

Levels and vault maps discovered:
D:1:      dpeg_arrival_round_a, layout_loops_ring
D:2:      layout_basic, shapermc_ecumenical_altar_hornbeckon,
          minmay_tetromino_i2, uniq_sigmund
D:3:      layout_loops_cross, serial_undead, serial_undead_d, serial_undead_c,
          serial_undead_c, serial_undead_a

Skill      XL: |  1  2  3  4  5 |
---------------+----------------+-----
Staves         | 1 2 3 |  3.0
Spellcasting   | 1 |  1.0
Evocations     | 4 5 |  5.0
Alchemy        | 1 |  1.9
Fighting       | |  2.4
Short Blades   | |  3.0
Dodging        | |  3.6

Action                     |  1- 3 |  4- 6 || total
---------------------------+-------+-------++-------
  Melee: Short sword       |    39 |    98 ||   137
         Staff             |     5 |     8 ||    13
    Use: Scroll            |     5 |     6 ||    11
         Potion            |     2 |     1 ||     3
   Stab: Sleeping          |       |     1 ||     1
 Armour: Robe              |    11 |    31 ||    42
  Dodge: Dodged            |    23 |    67 ||    90
